 Dungeon Crawl Stone Soup version 0.32-a0-42-ga30500b4d3 (webtiles) character file.

Game seed: 5084423177210601895

146 Ceno the Sneak (level 5, -2/24 HPs)
             Began as a Vine Stalker Earth Elementalist on Feb 1, 2024.
             Incinerated by a bombardier beetle (6 damage)
             ... with a burning spray
             ... on level 3 of the Dungeon.
             The game lasted 00:13:22 (2695 turns).

Ceno the Sneak (Vine Stalker Earth Elementalist)    Turns: 2695, Time: 00:13:23

Health: -2/24      AC:  2    Str: 11    XL:     5   Next: 28%
Magic:  0/11       EV: 12    Int: 15    God:
Gold:   72         SH:  0    Dex: 16    Spells: 6/10 levels left

rFire   . . .        a - +0 dagger
rCold   . . .        (no shield)
rNeg    . . .        k - +0 robe
rPois   .            (no helmet)
rElec   .            (no cloak)
rCorr   .            (no gloves)
SInv    .            (no boots)
Will    .....        (no amulet)
Stlth   +            (no ring)
HPRegen 1.04/turn    (no ring)
MPRegen 0.12/turn

%: guardian spirit
@: on fire, glowing
A: fangs 2, regeneration 1, magic shield, antimagic bite, no potion heal 2
a: no special abilities


You were on level 3 of the Dungeon.
You visited 1 branch of the dungeon, and saw 3 of its levels.

You collected 72 gold pieces.

Inventory:

Hand Weapons
 a - a +0 dagger (weapon)
 b - a +0 short sword of venom
 i - a +0 falchion
Missiles
 c - 39 stones (quivered)
Armour
 g - a +0 ring mail
 h - a +0 leather armour
 k - a +0 robe (worn)
Talismans
 d - a flux talisman
Scrolls
 e - 5 scrolls of identify {unknown}
 j - 2 scrolls of fog {unknown}
 l - a scroll of summoning {unknown}
 o - a scroll of poison {unknown}
 p - a scroll of teleportation {unknown}
 q - a scroll of revelation {unknown}
 r - 3 scrolls of immolation {unknown}
 u - a scroll of amnesia {unknown}
Potions
 f - a potion of curing {unknown}
 m - 3 potions of heal wounds {unknown}
 n - a potion of magic
 s - a potion of might {unknown}
 t - a potion of enlightenment {unknown}


   Skills:
 + Level 1.4 Short Blades
 - Level 1.5 Dodging
 + Level 4.2 Stealth
 + Level 3.3 Spellcasting
 - Level 1.0 Conjurations
 + Level 3.9 Earth Magic


You had 6 spell levels left.
You knew the following spells:

 Your Spells              Type           Power      Damage    Failure   Level
a - Sandblast             Erth           28%        2d8       3%          1
b - Passwall              Erth           14%        N/A       12%         3

Your spell library contained the following spells:

 Spells                   Type           Power      Damage    Failure   Level
 Magic Dart               Conj           20%        1d4       13%         1
 Shock                    Conj/Air       16%        1d4       16%         1
 Stone Arrow              Conj/Erth      18%        3d8       22%         3
 Blink                    Tloc           4%         N/A       28%         2
 Call Imp                 Summ           4%         N/A       28%         2
 Call Canine Familiar     Summ           2%         N/A       50%         3
 Sigil of Binding         Hex            2%         N/A       50%         3
 Swiftness                Air            2%         N/A       50%         3
 Brom's Barrelling Bould  Conj/Erth      9%         2d3       56%         4
 Petrify                  Alch/Erth      8%         N/A       65%         4
 Airstrike                Air            1%         2d(1-17)  88%         4
 Dimensional Bullseye     Hex/Tloc       1%         N/A       88%         4


Dungeon Overview and Level Annotations

Branches:
Dungeon (3/15)

Altars:
Fedhas

Shops:
D:1 (=::?

Annotations:
D:3 2 transporters


Innate Abilities, Weirdness & Mutations

You have extremely sharp teeth.
Your natural rate of healing is unusually fast.
When hurt, damage is shared between your health and your magic reserves.
Your bite disrupts and absorbs the magic of your enemies.
Potions cannot restore your health.


Message History

Press: ? - help, Shift-Dir - straight line, f/p - bombardier beetle
Aim: a bombardier beetle (lightly wounded, 89% to hit)
The blast of sand hits the bombardier beetle but does no damage.
The bombardier beetle is lightly wounded.
The liquid fire burns you!
Casting: Sandblast (safe; 4% risk of failure)
Confirm with . or Enter, or press ? or * to list all spells.
Aiming: Sandblast (safe; 4% risk of failure)
Press: ? - help, Shift-Dir - straight line, f/p - bombardier beetle
Aim: a bombardier beetle (lightly wounded, 89% to hit)
The blast of sand hits the bombardier beetle but does no damage.
The bombardier beetle is lightly wounded.
The liquid fire burns you!
The bombardier beetle sprays incendiary fluid at you.
The burning spray hits you.
You are even more covered in liquid fire!
Casting: Sandblast (safe; 4% risk of failure)
Confirm with . or Enter, or press ? or * to list all spells.
Aiming: Sandblast (safe; 4% risk of failure)
Press: ? - help, Shift-Dir - straight line, f/p - bombardier beetle
Aim: a bombardier beetle (lightly wounded, 89% to hit)
The blast of sand hits the bombardier beetle!
The bombardier beetle is severely wounded.
The liquid fire burns you!
Casting: Sandblast (safe; 4% risk of failure)
Confirm with . or Enter, or press ? or * to list all spells.
Aiming: Sandblast (safe; 4% risk of failure)
Press: ? - help, Shift-Dir - straight line, f/p - bombardier beetle
Aim: a bombardier beetle (severely wounded, 89% to hit)
The blast of sand hits the bombardier beetle!
You kill the bombardier beetle!
The liquid fire burns you!
* * * LOW HITPOINT WARNING * * *
You have reached level 5!
You shake off some of the fire as you move.
The liquid fire burns you!
* * * LOW HITPOINT WARNING * * *
You shake off some of the fire as you move.
The liquid fire burns you!
You die...

........... .....
#.#.#############
#...#8P#~~~~~~~#P
.#####..#..#~~~PP..#.
.......©#©)+S~~♣~..+/
#..#..#S~~P~..#.
#######.#8P#S~~~~~~#P
#.......#############
#.##@................
#.##.##...###########
#.##.##..............
#.##.###.)##########.
#.##.###..# ##.
#.##.#....### #..
#.##.#.#....# #.#
#.......###.# #.#
###.##.#..##..### #.#


There were no monsters in sight!

Vanquished Creatures
  A bombardier beetle (D:3)
  An orc wizard (D:3)
  2 adders
  A dart slug (D:1)
  A ribbon worm (D:2)
  4 orcs (D:3)
  8 ball pythons
  4 endoplasms
  3 giant cockroaches
  7 goblins
  6 hobgoblins
  6 kobolds
  2 quokkas
  4 bats
  3 frilled lizards
  5 rats
58 creatures vanquished.

Notes
Turn   | Place    | Note
-------+----------+-------------------------------------------
     0 | D:1      | Ceno the Vine Stalker Earth Elementalist began the quest
                  | for the Orb.
     0 | D:1      | Reached XP level 1. HP: 9/9 MP: 4/4
   333 | D:1      | Found Lezun's Book Emporium.
   373 | D:1      | Reached XP level 2. HP: 13/13 MP: 4/6
   523 | D:1      | Reached skill level 3 in Stealth
   555 | D:1      | Found Vool's Magic Scroll Emporium.
   694 | D:1      | Found Ozuceut's Book Emporium.
   788 | D:1      | Found Weon's Jewellery Boutique.
   810 | D:1      | Found Baqunw Ruge's Weapon Shoppe.
  1026 | D:2      | Reached XP level 3. HP: 16/16 MP: 8/8
  1030 | D:2      | Learned a level 3 spell: Passwall
  1386 | D:2      | Found a blossoming altar of Fedhas.
  1833 | D:3      | Reached XP level 4. HP: 17/21 MP: 6/9
  1834 | D:3      | Reached skill level 1 in Short Blades
  1923 | D:3      | Found a transporter.
  2004 | D:3      | Reached skill level 4 in Stealth
  2150 | D:3      | Found a transporter.
  2694 | D:3      | Reached XP level 5. HP: 5/24 MP: 0/11
  2695 | D:3      | Incinerated by a bombardier beetle

Illustrated notes

Levels and vault maps discovered:
D:1:      wander_arrival_estate, layout_loops_ring, serial_shops, shop,
          nicolae_shop_back_alley_shop, nicolae_book_shop_shelving, shop, shop,
          nrook_loot_triangle
D:2:      layout_rooms, basic_altar
D:3:      gammafunk_steamed_eel, layout_loops_ring, hangedman_decor_growths

Skill      XL: |  1  2  3  4 |
---------------+-------------+-----
Stealth        | 3 4 |  4.2
Spellcasting   | 3 |  3.3
Short Blades   | 1 |  1.4
Dodging        | |  1.5
Conjurations   | |  1.0
Earth Magic    | |  3.9

Action                     |  1- 3 |  4- 6 || total
---------------------------+-------+-------++-------
  Melee: Dagger            |    21 |    10 ||    31
         Bite              |     5 |     3 ||     8
         Short sword       |       |     5 ||     5
  Throw: Stone             |     8 |       ||     8
   Cast: Sandblast         |    40 |    23 ||    63
         Passwall          |     3 |     7 ||    10
   Stab: Sleeping          |     6 |     6 ||    12
 Armour: Robe              |    12 |     9 ||    21
  Dodge: Dodged            |    18 |    10 ||    28

Table legend: (Time is in decaauts)
 A = Elapsed time spent in this place.
 B = Non-inter-level travel time spent in this place.
 C = Inter-level travel time spent in this place.
 D = Time resting spent in this place.
 E = Time spent auto-exploring this place.
 F = Levels seen in this place.
 G = Mean time per level.
                   A        B        C        D        E       F      G
               +--------+--------+--------+--------+--------+-----+--------+
         Total |   2724 |   2669 |     55 |    557 |    993 |   3 |  908.0 |
       Dungeon |   2724 |   2669 |     55 |    557 |    993 |   3 |  908.0 |
               +--------+--------+--------+--------+--------+-----+--------+

Top non-repeatable levels by time:
     D:1: 1008 daAuts
     D:2: 899 daAuts
     D:3: 815 daAuts
